 Dungeon Crawl Stone Soup version 0.30.0-10-gfe55d96785 (webtiles) character file.

Game seed: 7747287839901485633

89 RKaid the Trooper (level 4, -3/41 HPs)
             Began as a Draconian Wanderer on May 15, 2023.
             Slain by a gnoll
             ... wielding a +0 halberd
              (4 damage)
             ... on level 2 of the Dungeon.
             The game lasted 00:04:10 (1621 turns).

RKaid the Trooper (Draconian Wanderer)              Turns: 1621, Time: 00:04:10

Health: -3/41      AC:  5    Str: 18    XL:     4   Next: 31%
Magic:  5/5        EV: 12    Int: 13    God:
Gold:   100        SH:  0    Dex:  8    Spells: 4/5 levels left

rFire   . . .        b - +1 hand axe (freeze)
rCold   . . .        (no shield)
rNeg    + . .        (body armour unavailable)
rPois   .            (helmet restricted)
rElec   .            (no cloak)
rCorr   +            (no gloves)
SInv    .            (no boots)
Will    .....        (no amulet)
Stlth   +            d - ring of resist corrosion
HPRegen 0.26/turn    c - ring of positive energy {rN+}
MPRegen 0.09/turn

%: no passive effects
@: no status effects
A: AC +5, unfitting armour, cold-blooded
a: no special abilities


You were on level 2 of the Dungeon.
You visited 1 branch of the dungeon, and saw 2 of its levels.

You collected 100 gold pieces.

Inventory:

Hand Weapons
 a - a +1 mace
 b - a +1 hand axe of freezing (weapon)
   (You found it on level 1 of the Dungeon)
Jewellery
 c - a ring of positive energy (right hand) {rN+}
   (You found it on level 2 of the Dungeon)
 d - a ring of resist corrosion (left hand)
   (You found it on level 1 of the Dungeon)
Scrolls
 f - a scroll of enchant weapon {unknown}
 g - a scroll of noise {unknown}
 i - 2 scrolls of fog {unknown}
 t - 3 scrolls of teleportation
Potions
 e - 2 potions of brilliance {unknown}
 h - a potion of magic {unknown}
 j - a potion of mutation {unknown}


   Skills:
 + Level 4.4 Fighting
 + Level 0.1(1.0) Axes
 - Level 1.6 Maces & Flails
 - Level 1.0 Throwing
 + Level 2.6 Dodging
 - Level 1.0 Spellcasting
 - Level 3.0 Translocations


You had 4 spell levels left.
You knew the following spells:

 Your Spells              Type           Power      Damage    Failure   Level
g - Apportation           Tloc           16%        N/A       9%          1

Your spell library contained the following spells:

 Spells                   Type           Power      Damage    Failure   Level
 Beastly Appendage        Tmut           0%         N/A       28%         1
 Cigotuvi's Dreadful Rot  Necr/Pois/Air  0%         N/A       38%         2
 Wereblood                Tmut           0%         N/A       38%         2
 Portal Projectile        Hex/Tloc       8%         N/A       41%         3
 Vhi's Electric Charge    Tloc/Air       8%         N/A       41%         3
 Ignite Poison            Fire/Tmut/Pois 0%         N/A       63%         3
 Spider Form              Tmut/Pois      0%         N/A       63%         3
 Freezing Cloud           Conj/Ice/Air   0%         6-21      100%        5


Dungeon Overview and Level Annotations

Branches:
Dungeon (2/15)

Altars:


Innate Abilities, Weirdness & Mutations

Your plain brown scales are hard. (AC +5)
You cannot fit into any form of body armour.
You are cold-blooded and may be slowed by cold attacks.


Message History

A ball python comes into view.
You see here a Trismegistus Codex.
You pick up a Trismegistus Codex and begin reading...
You add the spells Cigotuvi's Dreadful Rot, Ignite Poison and Freezing Cloud to your library.
You barely miss the ball python.
The ball python bites you but does no damage.
The ball python barely misses you.
The ball python bites you but does no damage.
The ball python grabs you. The ball python constricts you.
You closely miss the ball python.
The ball python bites you but does no damage.
The ball python constricts you.
You closely miss the ball python.
Your tail-slap misses the ball python.
The ball python bites you but does no damage.
The ball python constricts you. The ball python bites you.
The ball python constricts you.
You closely miss the ball python.
The ball python bites you but does no damage.
The ball python constricts you.
You barely miss the ball python. The ball python closely misses you.
The ball python constricts you. The ball python bites you.
The ball python constricts you.
You hit the ball python.
The ball python seems to slow down.
You freeze the ball python.
You kill the ball python! 3 jackals come into view.
The jackal barks! x3
The jackal moves out of view.
You hit the jackal but do no damage. You tail-slap the jackal.
The jackal bites you but does no damage.
The jackal barely misses you.
You barely miss the jackal. You hit the jackal. You freeze the jackal.
You kill the jackal!
You hit the jackal. You freeze the jackal.
You kill the jackal!
You hit the jackal. You freeze the jackal.
You kill the jackal!
No target in view!
No target in view!
No target in view!
No target in view!
No target in view!
No target in view!
No target in view!
No target in view!
No target in view!
No target in view!
No target in view!
No target in view!
No target in view!
No target in view!
No target in view!
Things that are here:
a jackal corpse; a jackal corpse You now have 100 gold pieces (gained 5).
j - a bubbling red potion
Things that are here:
a jackal corpse; a jackal corpse Done exploring.
Items here: )) [[ ÷.
A gnoll is nearby!
The gnoll shouts!
You hear a shout!
The gnoll barely misses you.
You barely miss the gnoll. The gnoll closely misses you. x2
You closely miss the gnoll. You tail-slap the gnoll. The gnoll misses you.
You closely miss the gnoll. The gnoll hits you with a +0 halberd!
You completely miss the gnoll. The gnoll closely misses you.
You barely miss the gnoll.
The gnoll hits you with a +0 halberd. x2
You hit the gnoll. You freeze the gnoll. The gnoll barely misses you.
You barely miss the gnoll. The gnoll closely misses you.
You hit the gnoll but do no damage. You closely miss the gnoll.
Your tail-slap misses the gnoll.
You barely miss the gnoll. The gnoll closely misses you.
The gnoll hits you with a +0 whip. The gnoll misses you.
The gnoll hits you with a +0 whip.
You hit the gnoll. You freeze the gnoll.
Your tail-slap misses the gnoll.
You hit the gnoll but do no damage. The gnoll barely misses you.
The gnoll hits you with a +0 whip!
* * * LOW HITPOINT WARNING * * *
You closely miss the gnoll. x2; The gnoll closely misses you. x2
You are too injured to fight recklessly!
You are too injured to fight recklessly!
You are too injured to fight recklessly!
You are too injured to fight recklessly!
You are too injured to fight recklessly!
You are too injured to fight recklessly!
You are too injured to fight recklessly!
You are too injured to fight recklessly!
You are too injured to fight recklessly!
You are too injured to fight recklessly!
You closely miss the gnoll. x2; The gnoll barely misses you.
The gnoll closely misses you.
You barely miss the gnoll.
Your tail-slap misses the gnoll.
You hit the gnoll. You freeze the gnoll.
You kill the gnoll!
The gnoll hits you with a +0 halberd!
* * * LOW HITPOINT WARNING * * *
The gnoll hits you with a +0 halberd.
You die...

####.####.....#####†#.....
####.###########......#...
#.........#....#....###.#.
#.###.)...#.##.#....÷<....
#.#.......'.#.............
#.#.#.....######.........#
#.#................÷......
#.###....).#.....g......## #.#
#....@g#..............
########.###.............##..^...
...........).............##......
########.###......>......##......
#.# #.............##...... ###.#
##.....(#####.##...... #...#
###.....####.######## #...#
#..........# ####...#
#.....######


You could see a gnoll.

Vanquished Creatures
  3 gnolls (D:2)
  2 adders (D:2)
  A worm (D:2)
  9 ball pythons
  5 endoplasms
  2 giant cockroaches (D:1)
  A goblin (D:1)
  4 hobgoblins
  3 jackals (D:2)
  2 kobolds
  3 quokkas
  3 bats
  6 frilled lizards
  3 rats
47 creatures vanquished.

Notes
Turn   | Place    | Note
-------+----------+-------------------------------------------
     0 | D:1      | RKaid the Draconian Wanderer began the quest for the Orb.
     0 | D:1      | RKaid set off with the following items: a +1 mace, a scroll
                  | of teleportation; and the following spell memorised:
                  | Apportation; and the following spells available to
                  | memorise: Portal Projectile, Vhi's Electric Charge.
     0 | D:1      | Reached XP level 1. HP: 19/19 MP: 2/2
   202 | D:1      | Reached XP level 2. HP: 12/26 MP: 3/3
   840 | D:2      | Reached XP level 3. HP: 33/33 MP: 4/4
   889 | D:2      | HP: 8/33 [gnoll/+0 halberd (13)]
  1117 | D:2      | Reached skill level 4 in Fighting
  1117 | D:2      | Reached skill level 2 in Dodging
  1373 | D:2      | Reached XP level 4. HP: 35/41 MP: 5/5
  1618 | D:2      | HP: 10/41 [gnoll/+0 whip (7)]
  1621 | D:2      | HP: 1/41 [gnoll/+0 halberd (10)]
  1621 | D:2      | Slain by a gnoll

Illustrated notes

Levels and vault maps discovered:
D:1:      ncdulo_smallfort, layout_rooms, minmay_misc_feat_x,
          hangedman_decor_clover_reticule, st_stairs_4
D:2:      layout_basic

Skill      XL: |  1  2  3 |
---------------+----------+-----
Fighting       | 4 |  4.4
Dodging        | 2 |  2.6
Axes           | |  0.1
Maces & Flails | |  1.6
Throwing       | |  1.0
Spellcasting   | |  1.0
Translocations | |  3.0

Action                     |  1- 3 |  4- 6 || total
---------------------------+-------+-------++-------
  Melee: Mace              |    36 |       ||    36
         Tailslap          |     7 |     6 ||    13
         Hand axe          |    71 |    39 ||   110
    Use: Potion            |     1 |       ||     1
 Armour: Skin              |    35 |     7 ||    42
  Dodge: Dodged            |    89 |    26 ||   115

Table legend: (Time is in decaauts)
 A = Elapsed time spent in this place.
 B = Non-inter-level travel time spent in this place.
 C = Inter-level travel time spent in this place.
 D = Time resting spent in this place.
 E = Time spent auto-exploring this place.
 F = Levels seen in this place.
 G = Mean time per level.
                   A        B        C        D        E       F      G
               +--------+--------+--------+--------+--------+-----+--------+
         Total |   1664 |   1582 |     82 |    212 |    965 |   2 |  832.0 |
       Dungeon |   1664 |   1582 |     82 |    212 |    965 |   2 |  832.0 |
               +--------+--------+--------+--------+--------+-----+--------+

Top non-repeatable levels by time:
     D:1: 880 daAuts
     D:2: 783 daAuts

Table legend:
 A = Kills in this place as a percentage of kills in the entire game.
 B = Kills by you in this place as a percentage of kills by you in the entire game.
 C = Kills by friends in this place as a percentage of kills by friends in the entire game.
 D = Other kills in this place as a percentage of other kills in the entire game.
 E = Experience gained in this place as a percentage of experience gained in the entire game.
 F = Experience gained in this place divided by the number of levels of this place that you have seen.
                   A       B       C       D       E      F
               +-------+-------+-------+-------+-------+----------------------
         Total | 100.0 | 100.0 |   N/A |   N/A | 100.0 |  71.0
       Dungeon | 100.0 | 100.0 |   N/A |   N/A | 100.0 |  71.0
               +-------+-------+-------+-------+-------+----------------------
